 Dungeon Crawl Stone Soup version 0.28.0 (webtiles) character file.

Game seed: 8389309493682121440

119 croobank the Insei (level 5, 0/34 HPs)
             Began as an Octopode Transmuter on Feb 14, 2022.
             Slain by an orc (2 damage)
             ... on level 3 of the Dungeon.
             The game lasted 00:08:12 (1862 turns).

croobank the Insei (Octopode Transmuter)            Turns: 1862, Time: 00:08:19

Health: 0/34       AC:  1    Str: 10    XL:     5   Next: 3%
Magic:  5/8        EV: 13    Int: 17    God:
Gold:   76         SH:  0    Dex: 12    Spells: 3/9 levels left

rFire   . . .      SeeInvis .   j - +0 dagger (chaos)
rCold   . . .      Faith    .   (no shield)
rNeg    . . .      Spirit   .   (helmet currently unavailable)
rPois   .          Reflect  .   (no amulet)
rElec   .          Harm     .   c - ring of resist corrosion
rCorr   +          Rampage  .   (no ring)
Will    .....                   (no ring)
Stlth   ++........              (no ring)
HPRegen 0.11/turn               (no ring)
MPRegen 0.11/turn               (no ring)
                                (no ring)
                                (no ring)

@: appendages, wereblooded
A: tentacle spike 3, almost no armour, amphibious, 8 rings, camouflage 1,
gelatinous body 1, (nimble swimmer 1), tentacles
a: End Transformation


You were on level 3 of the Dungeon.
One of your tentacles had grown a beastly spike.
You visited 1 branch of the dungeon, and saw 3 of its levels.

You collected 76 gold pieces.

Inventory:

Hand Weapons
 a - a +0 trident
 b - a +0 hunting sling
 g - a +0 mace
 j - a +0 dagger of chaos (weapon)
 k - a +0 hand axe
Missiles
 d - 91 stones
 f - 7 poisoned darts
 h - 38 sling bullets
 l - 11 arrows
Jewellery
 c - a ring of resist corrosion (left tentacle)
Scrolls
 e - a scroll of fog
 o - a scroll of amnesia {unknown}
Potions
 i - a potion of brilliance
 m - a potion of ambrosia


   Skills:
 + Level 2.2 Fighting
 + Level 2.8 Dodging
 - Level 3.2 Unarmed Combat
 + Level 2.6 Spellcasting
 + Level 2.8 Transmutations
 + Level 1.6 Poison Magic


You had 3 spell levels left.
You knew the following spells:

 Your Spells              Type           Power      Damage    Failure   Level
a - Beastly Appendage     Tmut           22%        N/A       5%          1
b - Wereblood             Tmut           11%        N/A       9%          2
c - Spider Form           Tmut/Pois      9%         N/A       22%         3

Your spell library contained the following spells:

 Spells                   Type           Power      Damage    Failure   Level
 Ice Form                 Ice/Tmut       7%         N/A       69%         4


Dungeon Overview and Level Annotations

Branches:
Dungeon (3/15)

Altars:
Cheibriados
Kikubaaqudgha
Xom
Zin

Shops:
D:3 *

Annotations:
D:2 Terence


Innate Abilities, Weirdness & Mutations

One of your tentacles has grown a beastly spike.
You cannot wear most types of armour.
You are amphibious.
You can wear up to eight rings at the same time.
Your skin changes colour to match your surroundings (Stealth+).
Your rubbery body absorbs attacks. (AC +1, EV +1)
((You are camouflaged when in or above water. (Stealth+)))
You have tentacles for arms and can constrict up to eight enemies at once.


Message History

The orc priest mumbles some strange prayers to Beogh against you.
You barely resist. You hit the orc priest. You burn the orc priest.
You squeeze the orc priest.
You feel a bit better.
You kill the orc priest!
The orc hits you with a +1 hand axe of freezing.
The orc freezes you.
You hit the orc. You freeze the orc. You grab the orc.
You pierce the orc.
You squeeze the orc.
You feel a bit better.
You kill the orc!
The orc hits you with a +1 hand axe of freezing.
The orc freezes you.
You have reached level 5!
You feel stronger.
You hit the orc. You grab the orc.
The orc is heavily wounded.
You constrict the orc.
The orc hits you with a +1 hand axe of freezing.
The orc freezes you. The orc hits you but does no damage.
The dart slug briefly extends its eye-stalks.
You hit the orc but do no damage. Your grab misses the orc.
You pierce the orc, but do no damage.
You constrict the orc.
You feel a bit better.
You kill the orc!
The orc hits you with a +1 hand axe of freezing!
* * * LOW HITPOINT WARNING * * *
The orc freezes you.
* * * LOW HITPOINT WARNING * * *
Okay, then.
Okay, then.
The dart slug bites you but does no damage.
Items here: ))) ††.
You hit the dart slug.
You feel better.
You grab the dart slug.
You pierce the dart slug.
The dart slug is moderately wounded.
You constrict the dart slug.
The orc hits you with a +1 hand axe of freezing.
* * * LOW HITPOINT WARNING * * *
The orc freezes you.
You die...

#.# #....# #.#
####...>###
##########.####.........#
........>..........[....#
...#########.##.####'####
##.# #.####.......# #.#
#...#.⌠#####⌠.# #.#
#####o## .# #.# #@# #
##.# #w# ...# #)# ####
#.# #.⌠ ##. #


You could see a dart slug and an orc.

Vanquished Creatures
  A crimson imp (D:3)
  An orc priest (D:3)
  A worm (D:2)
  2 dart slugs
  3 orcs
  7 ball pythons
  4 endoplasms
  A giant cockroach (D:1)
  5 goblins
  3 hobgoblins
  4 jackals (D:1)
  3 kobolds
  A quokka (D:1)
  3 bats
  4 rats
43 creatures vanquished.

Notes
Turn   | Place    | Note
-------+----------+-------------------------------------------
     0 | D:1      | croobank the Octopode Transmuter began the quest for the
                  | Orb.
     0 | D:1      | Reached XP level 1. HP: 13/13 MP: 3/3
   166 | D:1      | Reached XP level 2. HP: 18/18 MP: 3/5
   169 | D:1      | Learned a level 2 spell: Wereblood
   963 | D:2      | Reached XP level 3. HP: 23/23 MP: 6/6
   968 | D:2      | Learned a level 3 spell: Spider Form
  1063 | D:2      | Found a snail-covered altar of Cheibriados.
  1216 | D:2      | Noticed Terence
  1482 | D:3      | Found an ancient bone altar of Kikubaaqudgha.
  1487 | D:3      | Found Zin's Purification Station.
  1487 | D:3      | Found a glowing silver altar of Zin.
  1529 | D:3      | Found a faded altar of an unknown god.
  1669 | D:3      | Found a shimmering altar of Xom.
  1691 | D:3      | Reached skill level 1 in Poison Magic
  1691 | D:3      | Reached XP level 4. HP: 29/29 MP: 7/7
  1859 | D:3      | Reached XP level 5. HP: 21/34 MP: 4/8
  1862 | D:3      | Slain by an orc

Illustrated notes

Levels and vault maps discovered:
D:1:      wander_arrival_desolate, layout_rooms
D:2:      layout_basic, basic_altar, kennysheep_generic_room_7, uniq_terence
D:3:      minmay_door_path, layout_loops_ring, zin_purify,
          nicolae_uskayaw_en_pointe, nicolae_kikubaaqudgha_miasma_corner,
          led_xom_imps, basic_ecumenical_altar, grunt_ministairs_11

Skill      XL: |  1  2  3 |
---------------+----------+-----
Fighting       | 2 |  2.2
Poison Magic   | 1 |  1.6
Dodging        | |  2.8
Unarmed Combat | |  3.2
Spellcasting   | |  2.6
Transmutations | |  2.8

Action                   |  1- 3 |  4- 6 || total
-------------------------+-------+-------++-------
Melee: Unarmed           |    30 |       ||    30
       Kick              |    20 |     5 ||    25
       Tentacles         |    11 |     3 ||    14
       Constrict         |    18 |     5 ||    23
       Trident           |    41 |       ||    41
       Mace              |     2 |       ||     2
       Punch             |     1 |       ||     1
       Dagger            |       |     8 ||     8
 Fire: Hunting sling     |     1 |       ||     1
 Cast: Beastly Appendage |    23 |     2 ||    25
       Wereblood         |     1 |     1 ||     2
  Use: Scroll            |     5 |       ||     5
 Stab: Sleeping          |     4 |       ||     4
Armor: Skin              |     6 |     2 ||     8
Dodge: Dodged            |    40 |     5 ||    45
